 Dungeon Crawl Stone Soup version 0.27.0-1-g7a089689b8 (webtiles) character file.

Game seed: 8327706567158513095

87 pkoi the Insei (level 4, -1/38 HPs)
             Began as a Draconian Monk on Aug 17, 2021.
             Succumbed to a scorpion's poison
             ... on level 4 of the Dungeon.
             The game lasted 00:01:32 (1857 turns).

pkoi the Insei (Draconian Monk)                     Turns: 1857, Time: 00:01:33

Health: -1/38      AC:  5    Str: 10 (13) XL:     4   Next: 28%
Magic:  4/4        EV: 12    Int: 10 (12) God:
Gold:   43         SH:  0    Dex: 10 (13) Spells: 3/3 levels left

rFire    . . .     SeeInvis .   c - +2 whip (venom)
rCold    . . .     Faith    .   (no shield)
rNeg     . . .     Spirit   .   (armour unavailable)
rPois    .         Reflect  .   (helmet restricted)
rElec    .         Harm     .   (no cloak)
rCorr    .         Rampage  .   (no gloves)
Will     .....                  (no boots)
Stlth    ++........             (no amulet)
HPRegen  0.12/turn              (no ring)
MPRegen  0.09/turn              (no ring)

@: lethally poisoned (-1 -> -8)
A: AC +5, unfitting armour, cold-blooded
a: no special abilities


You were on level 4 of the Dungeon.
You visited 1 branch of the dungeon, and saw 4 of its levels.

You collected 43 gold pieces.

Inventory:

Hand Weapons
 c - a +2 whip of venom (weapon)
Missiles
 b - 37 poisoned darts (quivered)
Jewellery
 d - a ring of poison resistance
Scrolls
 e - a scroll of torment {unknown}
 g - a scroll of enchant armour
 h - a scroll of fog {unknown}
Potions
 f - a potion of magic {unknown}


   Skills:
 - Level 3.2 Fighting
 - Level 2.6 Dodging
 - Level 1.7 Stealth
 + Level 5.1 Unarmed Combat


You had 3 spell levels left.
You didn't know any spells.
Your spell library was empty.

Dungeon Overview and Level Annotations

Branches:
Dungeon (3/15)

Altars:
Beogh

Shops:
D:2 *


Innate Abilities, Weirdness & Mutations

Your plain brown scales are hard. (AC +5)
You cannot fit into any form of body armour.
You are cold-blooded and may be slowed by cold attacks.


Message History

You hit the orc wizard but do no damage.
The orc wizard is moderately wounded.
The orc wizard closely misses you.
You closely miss the orc wizard.
The orc wizard is severely wounded.
The orc wizard casts a spell at you.
You are confused.
The orc wizard hits you with a +0 dagger.
You bump into the rock wall.
You kill the orc wizard!
Your Unarmed Combat skill increases to level 5!
You have reached level 4!
You feel clever.
You bump into the rock wall.
The scorpion stings you!
You are poisoned.
The scorpion poisons you! The scorpion closely misses you.
You bump into the rock wall.
You feel sick.
The scorpion stings you but does no damage.
You hit the scorpion but do no damage.
The scorpion is poisoned.
You feel sick. The scorpion stings you.
* * * LOW HITPOINT WARNING * * *
You are lethally poisoned!
The scorpion poisons you!
You bump into the rock wall.
You feel less confused.
* * * LOW HITPOINT WARNING * * *
You feel very sick. The scorpion misses you.
Unknown command.
You hit the scorpion.
The scorpion is moderately wounded.
* * * LOW HITPOINT WARNING * * *
You feel sick.
The scorpion stings you but does no damage.
The scorpion stings you.
* * * LOW HITPOINT WARNING * * *
It was a potion of degeneration.
There was something very wrong with that liquid.
You feel weakened.
You feel dopey.
You feel clumsy.
You die...

#....o......
#.....so....
#...........
#....o......
#..........
#.†........
#...#####.#
######......?#
#..@sK.......#
)..$...####.......#
..##### .......$.
.#.####.# ## .# #
.# .. .


You could see a scorpion (poisoned) and a kobold.

Vanquished Creatures
  An orc wizard (D:4)
  3 dart slugs
  2 orcs (D:2)
  3 bats (D:1)
  6 endoplasms
  A giant cockroach (D:1)
  3 hobgoblins
  11 jackals
  A quokka (D:1)
  7 ball pythons
  2 frilled lizards
  3 goblins
  4 kobolds
  4 rats
51 creatures vanquished.

Notes
Turn   | Place    | Note
-------+----------+-------------------------------------------
     0 | D:1      | pkoi the Draconian Monk began the quest for the Orb.
     0 | D:1      | Reached XP level 1. HP: 19/19 MP: 1/1
   262 | D:1      | Reached XP level 2. HP: 15/26 MP: 2/2
   502 | D:1      | Reached skill level 4 in Unarmed Combat
   752 | D:1      | Reached XP level 3. HP: 31/31 MP: 3/3
  1025 | D:2      | Found Tumumer's Assorted Antiques.
  1200 | D:2      | Found a faded altar of an unknown god.
  1827 | D:3      | You fall into a shaft and drop 1 floor!
  1829 | D:4      | Noticed a scorpion
  1852 | D:4      | Reached skill level 5 in Unarmed Combat
  1852 | D:4      | Reached XP level 4. HP: 25/38 MP: 4/4
  1856 | D:4      | HP: 1/38 [scorpion (4)]
  1857 | D:4      | Succumbed to a scorpion's poison

Illustrated notes

Levels and vault maps discovered:
D:1:      minmay_arrival_open_corners, layout_basic
D:2:      layout_loops_cross, serial_shops, nicolae_shop_trees,
          hellmonk_ecumenical_altar_defaced_shrine, minmay_misc_feat_columns,
          st_stairs_7
D:3:      layout_basic
D:4:      layout_rooms, mainiacjoe_overflow_big_doors, nicolae_shop_self_help,
          uniq_menkaure

Skill      XL: |  1  2  3 |
---------------+----------+-----
Unarmed Combat | 4 5 |  5.1
Fighting       | |  3.2
Dodging        | |  2.6
Stealth        | |  1.7

Action                   |  1- 3 |  4- 6 || total
-------------------------+-------+-------++-------
Melee: Unarmed           |    79 |       ||    79
       Tailslap          |    12 |       ||    12
       Whip              |    76 |     2 ||    78
       Punch             |     3 |       ||     3
  Use: Scroll            |     1 |       ||     1
       Potion            |       |     1 ||     1
 Stab: Sleeping          |     5 |       ||     5
Armor: Skin              |    55 |     2 ||    57
Dodge: Dodged            |   117 |     2 ||   119
